 Dungeon Crawl Stone Soup version 0.28.0-47-ge53b351184 (webtiles) character file.

Game seed: 6663497680577973168

32 CryoSword the Vexing (level 3, 0/25 HPs)
             Began as a Vampire Enchanter on May 8, 2022.
             Succumbed to an adder's poison
             ... on level 1 of the Dungeon.
             The game lasted 00:02:33 (1188 turns).

CryoSword the Vexing (Vampire Enchanter)            Turns: 1188, Time: 00:02:33

Health: 0/25       AC:  3    Str:  7 (9)  XL:     3   Next: 10%
Magic:  1/6        EV: 12    Int: 15 (17) God:
Gold:   40         SH:  0    Dex: 11 (14) Spells: 4/6 levels left

rFire   . . .      SeeInvis +   a - +1 dagger
rCold   . . .      Faith    .   (no shield)
rNeg    . . .      Spirit   .   b - +0 robe
rPois   .          Reflect  .   (no helmet)
rElec   .          Harm     .   c - +0 cloak
rCorr   .          Rampage  .   (no gloves)
Will    .....                   (no boots)
Stlth   +++.......              (no amulet)
HPRegen 0.28/turn               (no ring)
MPRegen 0.10/turn               (no ring)

@: lethally poisoned (0 -> -2), healing quickly
A: alive, fangs 3, see invisible, vampiric 2
a: Exsanguinate


You were on level 1 of the Dungeon.
You visited 1 branch of the dungeon, and saw 2 of its levels.

You collected 40 gold pieces.

Inventory:

Hand Weapons
 a - a +1 dagger (weapon)
Missiles
 e - 2 poisoned darts (quivered)
Armour
 b - a +0 robe (worn)
 c - a +0 cloak (worn)
   (You found it on level 1 of the Dungeon)


   Skills:
 + Level 0.5 Fighting
 * Level 1.7 Short Blades
 + Level 2.4 Dodging
 + Level 4.6 Stealth
 + Level 2.1 Spellcasting
 * Level 4.9 Hexes
 * Level 0.9 Ice Magic


You had 4 spell levels left.
You knew the following spells:

 Your Spells              Type           Power      Damage    Failure   Level
a - Ensorcelled Hibernat  Hex/Ice        20%        N/A       10%         2

Your spell library contained the following spells:

 Spells                   Type           Power      Damage    Failure   Level
 Confusing Touch          Hex            16%        N/A       9%          3
 Tukima's Dance           Hex            16%        N/A       9%          3
 Dazzling Flash           Conj/Hex       16%        N/A       24%         3


Dungeon Overview and Level Annotations

Branches:
Dungeon (2/15)

Altars:


Innate Abilities, Weirdness & Mutations

Your natural rate of healing is accelerated.
You have razor-sharp teeth.
You have supernaturally acute eyesight. (SInv)
You are afflicted with vampirism and can become a bat while bloodless.


Message History

You hit the dart slug but do no damage.
Aim: a dart slug (heavily wounded, chance to affect: 62%)
The dart slug looks drowsy...
The helpless dart slug fails to defend itself.
You impale the dart slug!!
You kill the dart slug!
A giant cockroach is nearby!
A giant cockroach is nearby!
A giant cockroach is nearby!
No target in view!
No target in view!
Unknown command.
A giant cockroach is nearby!
A giant cockroach is nearby!
A giant cockroach is nearby!
No target in view!
No target in view!
No target in view!
A giant cockroach is nearby!
A giant cockroach is nearby!
You hit the giant cockroach. You bite the giant cockroach.
The giant cockroach bites you but does no damage.
You hit the giant cockroach.
You kill the giant cockroach!
You have reached level 3!
Your experience leads to an increase in your attributes!
Increase (S)trength, (I)ntelligence, or (D)exterity?
You feel stronger. x2
You can now turn into a vampire bat when bloodless.
You see here a dart slug corpse.
An endoplasm comes into view.
An endoplasm is nearby!
An endoplasm is nearby!
The endoplasm quivers.
The endoplasm freezes you.
You are frozen.
You hit the endoplasm but do no damage. The endoplasm freezes you.
You are frozen.
You barely miss the endoplasm.
You bite the endoplasm, but do no damage.
The endoplasm freezes you.
You are frozen.
Aim: an endoplasm (chance to affect: 62%)
The endoplasm looks drowsy...
That would be overly suicidal.
Okay, then.
The helpless endoplasm fails to defend itself.
You puncture the endoplasm!
You kill the endoplasm!
No target in view!
Done exploring.
Done exploring.
Done exploring.
There is a stone staircase leading down here.
You climb downwards.
Found 19 gold pieces.
There is a stone staircase leading up here.
A hobgoblin is nearby!
A hobgoblin is nearby!
The hobgoblin shouts!
A rat comes into view.
Found 10 arrows.
You completely miss the hobgoblin. You closely miss the hobgoblin.
You bite the hobgoblin.
The hobgoblin hits you but does no damage.
You closely miss the hobgoblin. The hobgoblin barely misses you.
You hit the hobgoblin. The hobgoblin hits you.
Aim: a hobgoblin (almost dead, chance to affect: 62%)
The hobgoblin looks drowsy...
The rat bites you but does no damage.
A rat comes into view.
Aim: a rat (chance to affect: 62%)
The rat looks drowsy...
The helpless hobgoblin fails to defend itself.
You impale the hobgoblin!!
You kill the hobgoblin!
The helpless rat fails to defend itself.
You impale the rat!!
You kill the rat!
The rat bites you.
Aim: a rat (chance to affect: 62%)
The rat resists with significant effort.
The rat bites you.
You hit the rat.
You kill the rat!
No target in view!
An adder comes into view.
An adder is nearby!
An adder is nearby!
You see here a rat corpse.
An endoplasm comes into view.
You see here 10 gold pieces.
You don't have enough magic to cast this spell.
You barely miss the adder.
The adder hisses angrily.
The adder bites you but does no damage. The adder bites you.
You are poisoned.
The adder poisons you!
You feel sick.
You feel sick.
You feel sick. The adder closely misses you.
You feel sick.
There is a stone staircase leading up here.
You feel sick. The adder barely misses you.
You climb upwards.
You feel sick.
You are no longer poisoned.
There is a stone staircase leading down here.
Aim: an adder (chance to affect: 53%)
The adder resists with significant effort.
The adder bites you. The adder barely misses you.
You barely miss the adder. The adder barely misses you.
You closely miss the adder. You punch the adder. The adder barely misses you.
You barely miss the adder. The adder barely misses you.
You barely miss the adder. The adder barely misses you.
You miss the adder. The adder bites you but does no damage.
The adder misses you.
You hit the adder. The adder bites you.
You are poisoned.
The adder poisons you!
You don't have enough magic to cast this spell.
Unknown command.
You feel sick.
You hit the adder. You bite the adder.
You feel sick. The adder misses you.
You hit the adder.
You feel sick. The adder bites you.
* * * LOW HITPOINT WARNING * * *
You are more poisoned.
The adder poisons you!
You hit the adder but do no damage.
You feel sick. The adder bites you but does no damage.
You don't have enough magic to cast this spell.
You miss the adder.
You feel sick. The adder bites you.
* * * LOW HITPOINT WARNING * * *
The adder bites you.
* * * LOW HITPOINT WARNING * * *
Unknown command.
It was a potion of degeneration.
There was something very wrong with that liquid.
You feel weakened.
You feel dopey.
You feel clumsy.
* * * LOW HITPOINT WARNING * * *
You feel sick. The adder bites you but does no damage.
Unknown command.
Unknown command.
You hit the adder.
* * * LOW HITPOINT WARNING * * *
You feel sick. The adder bites you.
* * * LOW HITPOINT WARNING * * *
You closely miss the adder. Your bite misses the adder.
You die...

.......#####...### ###.##......
.########........# #...........
.......##........# #.#.....♣♣.♣
..####........#..# #.###.♣♣♣♣.♣
..####.......##..#####.#⌠.♣♣♣♣∩.∩
#.#.....#..#...........#..♣♣∩....
#.#.##..#....#...#####.#.♣♣∩..♣♣♣
#.#.##..#...###S###......♣♣∩...<.
#..........## ##@##.##)#.♣♣∩(.♣♣♣
###.#######.###.###†##....♣♣∩....
#...# ##.#.## #.##..>.♣♣.♣∩∩∩
###.# ###.### #.##.......♣♣♣♣ #.#
#.....# #.....>....♣♣♣♣ #.#
#.....# #####..#....... ##.#
#.....# #..######## #..# #.....#
#..# #.## #.....# #..#


You could see an adder.

Vanquished Creatures
  A gnoll (D:1)
  2 dart slugs (D:1)
  A bat (D:1)
  3 endoplasms (D:1)
  A giant cockroach (D:1)
  2 hobgoblins
  3 kobolds (D:1)
  A quokka (D:1)
  2 rats (D:2)
16 creatures vanquished.

Notes
Turn   | Place    | Note
-------+----------+-------------------------------------------
     0 | D:1      | CryoSword the Vampire Enchanter began the quest for the
                  | Orb.
     0 | D:1      | Reached XP level 1. HP: 13/13 MP: 3/3
   212 | D:1      | Reached XP level 2. HP: 14/19 MP: 5/5
   340 | D:1      | Learned a level 2 spell: Ensorcelled Hibernation
   789 | D:1      | Found a faded altar of an unknown god.
   991 | D:1      | Gained mutation: You are afflicted with vampirism and can
                  | become a bat while bloodless. [Vampire growth]
   991 | D:1      | Reached XP level 3. HP: 25/25 MP: 4/6
  1187 | D:1      | HP: 1/25 [adder (1)]
  1188 | D:1      | Succumbed to an adder's poison

Illustrated notes

Levels and vault maps discovered:
D:1:      heliophobic_arrival_henge, layout_loops_cross,
          shapermc_ecumenical_altar_notcrosses,
          hangedman_abyss_or_decor_lesser_grid
D:2:      layout_loops_cross, grunt_decor_resistance

Action                   || total
-------------------------++-------
Melee: Dagger            ||    82
       Bite              ||     9
       Punch             ||     1
 Cast: Ensorcelled Hiber ||    15
  Use: Potion            ||     2
 Stab: Distracted        ||     1
       Sleeping          ||     9
Armor: Robe              ||    18
Dodge: Dodged            ||    27
